 Dungeon Crawl Stone Soup version 0.28.0-53-g5a82cb258f (webtiles) character file.

Game seed: 3984652001453761972

85 fuccboisucc420 the Cudgeller (level 4, -9/35 HPs)
             Began as a Demonspawn Abyssal Knight on July 20, 2022.
             Was a Believer of Lugonu.
             Killed by divine providence
             ... invoked by an orc priest
              (12 damage)
             ... on level 3 of the Dungeon.
             The game lasted 00:06:51 (2759 turns).

fuccboisucc420 the Cudgeller (DsAK)                 Turns: 2759, Time: 00:06:52

Health: -9/35      AC:  5    Str: 15    XL:     4   Next: 25%
Magic:  5/5        EV: 10    Int: 12    God:    Lugonu [**....]
Gold:   103        SH:  0    Dex: 13    Spells: 3/3 levels left

rFire   + . .      SeeInvis .   a - +2 mace
rCold   x . .      Faith    .   (no shield)
rNeg    . . .      Spirit   .   f - +0 ring mail
rPois   .          Reflect  .   (no helmet)
rElec   .          Harm     .   (no cloak)
rCorr   .          Rampage  .   (no gloves)
Will    .....                   (no boots)
Stlth   +.........              (no amulet)
HPRegen 0.11/turn               b - ring of fire
MPRegen 0.09/turn               (no ring)

@: no status effects
A: claws 1, spiny 1
a: Renounce Religion, Depart the Abyss, Bend Space


You were on level 3 of the Dungeon.
You worshipped Lugonu.
Lugonu was pleased with you.
You visited 1 branch of the dungeon, and saw 3 of its levels.
You visited the Abyss 1 time.

You collected 103 gold pieces.

Inventory:

Hand Weapons
 a - a +2 mace (weapon)
 j - the +5 spear of Durph {vorpal, rC+ rN+ rCorr Stlth-}
   (You found it on level 2 of the Dungeon)

   It inflicts extra damage upon your enemies.
   rC:        It protects you from cold.
   rN:        It protects you from negative energy.
   rCorr:     It protects you from acid and corrosion.
   Stlth:     It makes you less stealthy.
Missiles
 e - 46 stones (quivered)
Armour
 f - a +0 ring mail (worn)
Magical Staves
 l - a staff of conjuration
Jewellery
 b - a ring of fire (left claw)
Scrolls
 d - a scroll of magic mapping
 i - a scroll of enchant weapon
 k - a scroll of noise {unknown}
Potions
 c - 3 potions of mutation {unknown}
 g - a potion of magic {unknown}
 h - 2 potions of curing {unknown}


   Skills:
 - Level 3.0 Fighting
 * Level 1.2(2.3) Axes
 + Level 3.1(3.2) Maces & Flails
 + Level 2.4 Armour
 + Level 1.5 Dodging
 + Level 2.4 Invocations


You had 3 spell levels left.
You didn't know any spells.
Your spell library contained the following spells:

 Spells                   Type           Power      Damage    Failure   Level
 Call Canine Familiar     Summ           0%         N/A       88%         3
 Portal Projectile        Hex/Tloc       0%         N/A       88%         3
 Leda's Liquefaction      Hex/Erth       0%         N/A       99%         4


Dungeon Overview and Level Annotations

Branches:
Dungeon (3/15)

Altars:


Innate Abilities, Weirdness & Mutations

You have sharp fingernails.
You are partially covered in sharp spines.


Message History

The orc hits you but does no damage.
You hit the orc.
The orc is heavily wounded.
The orc is struck by your spines.
You kill the orc!
Lugonu accepts your kill.
The orc priest casts a cantrip, but nothing happens.
The orc priest invokes the aid of Beogh against you.
Beogh smites you!
You are too injured to fight recklessly!
You are too injured to fight recklessly!
You are too injured to fight recklessly!
The orc priest hits you but does no damage.
You hit the orc priest.
The orc priest is lightly wounded.
The orc priest closely misses you.
You hit the orc priest.
The orc priest is lightly wounded.
The orc priest hits you with a +0 club.
You closely miss the orc priest.
The orc priest is lightly wounded.
The orc priest hits you with a +0 club.
* * * LOW HITPOINT WARNING * * *
The orc priest hits you but does no damage.
You hit the orc priest but do no damage.
The orc priest is lightly wounded.
The orc priest hits you with a +0 club.
* * * LOW HITPOINT WARNING * * *
You barely miss the orc priest.
The orc priest is lightly wounded.
The orc priest hits you with a +0 club.
* * * LOW HITPOINT WARNING * * *
You hit the orc priest. Your claw misses the orc priest.
The orc priest is heavily wounded.
The orc priest hits you but does no damage.
You barely miss the orc priest.
The orc priest is heavily wounded.
The orc priest calls down the wrath of Beogh upon you.
Beogh smites you!
You die...

#.####.#....# #.# #.#.##.##.#
######## #.#
#.#.##.##.#####......#
#.####.#....##.#..........#
#.#...>...................#
#.#.##...#.....#..........##
#####.#.##.#.#..##.# #.......#
#............#.###.#####.......#
#.......##.....@oo.....†.....)..
#.........#).#.#########.......#
#......................#######..
#####.###..............# ##.
#.#####............########.
#..................##....##.
##....##########.........##.
#....# #.......†.### ######
#...........#


You could see an orc priest and an orc.

Vanquished Creatures
  2 adders (D:2)
  2 worms
  3 dart slugs
  An orc (D:3)
  8 ball pythons
  4 endoplasms
  A giant cockroach (D:1)
  2 goblins
  10 hobgoblins
  3 jackals (D:2)
  A kobold (D:1)
  4 bats
  3 frilled lizards
  5 rats
49 creatures vanquished.

Notes
Turn   | Place    | Note
-------+----------+-------------------------------------------
     0 | Abyss:1  | fuccboisucc420 the Demonspawn Abyssal Knight began the
                  | quest for the Orb.
     0 | Abyss:1  | Reached XP level 1. HP: 18/18 MP: 2/2
     0 | D:1      | Escaped the Abyss
   145 | D:1      | Reached * piety under Lugonu
   197 | D:1      | Gained mutation: You have sharp fingernails. [demonic
                  | ancestry]
   197 | D:1      | Reached XP level 2. HP: 12/24 MP: 3/3
   503 | D:1      | Reached skill level 1 in Dodging
   647 | D:1      | Reached XP level 3. HP: 25/29 MP: 4/4
   983 | D:2      | Reached skill level 1 in Axes
  1754 | D:2      | Reached ** piety under Lugonu
  2082 | D:2      | Identified the +5 spear of Durph {vorpal, rC+ rN+ rCorr
                  | Stlth-}
  2255 | D:2      | Gained mutation: You are partially covered in sharp spines.
                  | [demonic ancestry]
  2255 | D:2      | Reached XP level 4. HP: 32/35 MP: 5/5
  2759 | D:3      | Killed from afar by an orc priest

Illustrated notes

Levels and vault maps discovered:
D:1:      dpeg_arrival_round_a, layout_rooms
D:2:      layout_basic, hex_large
D:3:      layout_basic, nicolae_kikubaaqudgha_miasma_corner,
          lemuel_crystal_altar, uniq_crazy_yiuf_cottage

Skill      XL: |  1  2  3 |
---------------+----------+-----
Armour         | 2 |  2.4
Maces & Flails | 2 3 |  3.1
Dodging        | 1 |  1.5
Axes           | 1 |  1.2
Fighting       | |  3.0
Invocations    | |  2.4

Action                   |  1- 3 |  4- 6 || total
-------------------------+-------+-------++-------
Melee: Mace              |   120 |    25 ||   145
       Punch             |     1 |     1 ||     2
Throw: Stone             |     1 |       ||     1
Invok: Depart the Abyss  |     1 |       ||     1
  Use: Scroll            |     3 |       ||     3
Armor: Leather armour    |    14 |       ||    14
       Ring mail         |    36 |     5 ||    41
Dodge: Dodged            |    73 |     5 ||    78
